 Dungeon Crawl Stone Soup version 0.21.1-1-g345015f (webtiles) character file.

6168 rgaf the Covert (level 11, -4/61 HPs)
             Began as a Kobold Hunter on July 7, 2018.
             Was a Believer of Dithmenos.
             Slain by a yak (11 damage)
             ... on level 8 of the Dungeon.
             The game lasted 00:28:16 (15755 turns).

rgaf the Covert (Kobold Hunter)                    Turns: 15755, Time: 00:28:17

Health: -4/61      AC:  8    Str: 11    XL:     11   Next: 13%
Magic:  11/11      EV: 16    Int:  8    God:    Dithmenos [**....]
Gold:   362        SH:  0    Dex: 15    Spells: 10/10 levels left

rFire    + . .     SeeInvis +   b - +5 rapier "Goblinbane" {pierce, rPois rF+ Int-4 SInv}
rCold    + . .     Gourm    .   (shield restricted)
rNeg     . . .     Faith    .   r - +1 scale mail
rPois    +         Spirit   .   (no helmet)
rElec    .         Reflect  .   (no cloak)
rCorr    .         Harm     .   k - +0 pair of gloves
MR       .....                  (no boots)
Stlth    +++++.....             (no amulet)
HPRegen  0.20/turn              j - -3 ring of strength (curse)
MPRegen  0.12/turn              u - ring of protection from cold

@: wreathed by umbra
A: small, carnivore
a: Shadow Step, Renounce Religion


You were on level 8 of the Dungeon.
You worshipped Dithmenos.
Dithmenos was pleased with you.
You were very full.

You visited 2 branches of the dungeon, and saw 10 of its levels.

You collected 492 gold pieces.
You spent 130 gold pieces at shops.

Inventory:

Hand Weapons
 a - a +1 hand crossbow
 b - the +5 rapier "Goblinbane" (weapon) {pierce, rPois rF+ Int-4 SInv}
   (You acquired it on level 9 of the Dungeon)

   It inflicts extra damage upon your enemies.
   It affects your intelligence (-4).
   It protects you from fire.
   It protects you from poison.
   It lets you see invisible.
 l - a +5 rapier
 m - a +2 rapier of freezing
Missiles
 d - 18 bolts
Armour
 c - a +0 leather armour
 k - a +0 pair of gloves (worn)
 r - a +1 scale mail (worn)
Jewellery
 g - an uncursed amulet of magic regeneration
 j - a cursed -3 ring of strength (left hand)
 t - an uncursed ring of stealth
 u - a ring of protection from cold (right hand)
 w - a +2 ring of dexterity
Wands
 i - a wand of polymorph (24)
Scrolls
 o - a scroll of immolation
 q - 3 scrolls of remove curse
 s - a scroll of amnesia
 x - 2 scrolls of magic mapping
 A - a scroll of identify
 C - a scroll of vulnerability
Potions
 e - a potion of mutation {unknown}
 n - 7 potions of curing
 v - a potion of resistance
 z - a potion of flight {unknown}
 D - a potion of experience {unknown}
 E - a potion of brilliance {unknown}
Books
 B - a book of Enchantments

   Spells                             Type                      Level
   a - Cause Fear                     Hexes                        4
   b - Yara's Violent Unravelling     Hexes/Transmutation          5
   c - Silence                        Hexes/Air                    5
   d - Deflect Missiles               Charms/Air                   6
   e - Discord                        Hexes                        8
 G - a book of Minor Magic

   Spells                             Type                      Level
   a - Magic Dart                     Conjuration                  1
   b - Blink                          Translocation                2
   c - Call Imp                       Summoning                    2
   d - Slow                           Hexes                        2
   e - Conjure Flame                  Conjuration/Fire             3
   f - Mephitic Cloud                 Conjuration/Poison/Air       3
Comestibles
 f - 16 rations


   Skills:
 + Level 4.0 Fighting
 - Level 6.0 Short Blades
 * Level 11.1 Crossbows
 + Level 10.7 Dodging
 + Level 12.2 Stealth


You had 10 spell levels left.
You didn't know any spells.

Dungeon Overview and Level Annotations

Branches:
Dungeon (9/15)             Temple (1/1) D:7
   Lair: D:8-11         Orc: D:9-12

Altars:
Ashenzari
Cheibriados
Dithmenos
Elyvilon
Fedhas
Gozag
Hepliaklqana
Kikubaaqudgha
Makhleb
Nemelex Xobeh
Okawaru
Qazlal
Ru
Sif Muna
Trog
Uskayaw
Vehumet
Wu Jian
Xom
Yredelemnul
Zin
The Shining One

Shops:
D:9 [

Annotations:
D:6 Edmund
D:8 FallenXxXSky's ghost, novice HOMo
D:9 Psyche


Innate Abilities, Weirdness & Mutations

You are small and have problems with some larger weapons.
You are carnivorous and can eat meat at any time.


Message History

You barely miss the yak.
The yak is lightly wounded.
The yak gores you but does no damage.
You hit the yak.
The yak is moderately wounded.
The yak gores you!
You are too injured to fight recklessly!
You are too injured to fight recklessly!
You are too injured to fight recklessly!
You puncture the yak!
The yak is heavily wounded.
The yak gores you!
You hit the yak.
The yak is severely wounded.
The yak gores you!
* * * LOW HITPOINT WARNING * * *
You completely miss the yak.
The yak is severely wounded.
The yak gores you!
You die...

##.## #......##.# #.# ##...#
#####.#.##.##.###.###
##.###.###.......##.##........
##.## #.##<###.#...........#..
#.## ##.#.###.#.##.##..####..
#.# #...)#...........#.....
#.## ##.#...>.....(###.#.##..
##.## ##.##.#####.####
#....... ##.###.###...@Y..#
###.##.. ##...## #########
#.##.. ##### #.#### #.# #.##
#..# ##.# #.# #.###


You could see a yak.

Vanquished Creatures
  A hippogriff (D:8)
  A basilisk (D:8)
  9 yaks (D:8)
  Eustachio (D:5)
  A hungry ghost (D:7)
  3 porcupines
  A black bear (D:7)
  3 orc warriors
  A sky beast (D:7)
  An ice beast (D:8)
  A necrophage (D:8)
  3 ogres
  2 phantoms (D:7)
  3 centaurs
  2 crocodiles
  A big kobold (D:9)
  Blork the orc (D:5)
  12 bullfrogs
  A scorpion (D:7)
  A water moccasin skeleton (D:4)
  3 killer bees
  2 howler monkeys
  5 crimson imps
  2 quasits
  2 bullfrog skeletons
  A centaur zombie (D:6)
  3 orc priests (D:7)
  9 orc wizards
  5 hounds
  A jelly (D:9)
  5 worker ants
  A killer bee zombie (D:5)
  2 hound zombies
  A worker ant zombie (D:7)
  9 gnolls
  8 adders
  2 shadow imps
  An ooze (D:1)
  An adder zombie (D:7)
  An adder skeleton (D:4)
  2 worms
  3 dart slugs
  3 leopard geckos
  29 orcs
  9 giant cockroaches
  9 goblins
  22 hobgoblins
  6 jackals
  6 kobolds
  4 quokkas
  3 ball pythons
  16 bats
  4 frilled lizards
  A leopard gecko zombie (D:6)
  A quokka skeleton (D:6)
  8 rats
239 creatures vanquished.

Vanquished Creatures (others)
  A bush (D:9)
  2 fungi (D:9)
  9 plants (D:9)
12 creatures vanquished.

Grand Total: 251 creatures vanquished

Notes
Turn   | Place    | Note
-------+----------+-------------------------------------------
     0 | D:1      | rgaf the Kobold Hunter began the quest for the Orb.
     0 | D:1      | Reached XP level 1. HP: 12/12 MP: 1/1
   135 | D:1      | Reached skill level 5 in Crossbows
   207 | D:1      | Reached XP level 2. HP: 14/17 MP: 2/2
   447 | D:1      | Reached skill level 2 in Stealth
   709 | D:1      | Reached skill level 1 in Short Blades
   729 | D:1      | Reached XP level 3. HP: 15/21 MP: 3/3
  1803 | D:1      | Reached XP level 4. HP: 22/26 MP: 4/4
  2651 | D:2      | Found a blossoming altar of Fedhas.
  2700 | D:2      | Reached XP level 5. HP: 27/30 MP: 5/5
  3072 | D:3      | Reached skill level 3 in Stealth
  3787 | D:3      | Noticed a centaur
  3796 | D:3      | HP: 1/30 [centaur (5)]
  3797 | D:3      | Killed a centaur
  3797 | D:3      | Reached XP level 6. HP: 2/35 MP: 6/6
  4936 | D:4      | Reached skill level 4 in Stealth
  5225 | D:4      | Reached XP level 7. HP: 40/40 MP: 7/7
  5263 | D:5      | Entered Level 5 of the Dungeon
  5935 | D:4      | Reached skill level 5 in Stealth
  6352 | D:4      | Reached XP level 8. HP: 28/44 MP: 8/8
  6534 | D:4      | Reached skill level 5 in Dodging
  6711 | D:5      | Noticed Blork the orc
  6711 | D:5      | Noticed Eustachio
  6758 | D:5      | Reached skill level 5 in Short Blades
  7141 | D:5      | Reached skill level 6 in Stealth
  7337 | D:5      | Killed Eustachio
  7406 | D:5      | Killed Blork the orc
  8028 | D:6      | Reached XP level 9. HP: 47/48 MP: 9/9
  8203 | D:6      | Found a sparkling altar of Nemelex Xobeh.
  8795 | D:6      | Noticed Edmund
  9262 | D:6      | Reached skill level 7 in Stealth
  9475 | D:6      | Found a snail-covered altar of Cheibriados.
  9527 | D:6      | Found a blossoming altar of Fedhas.
  9540 | D:6      | Found a white marble altar of Elyvilon.
  9726 | D:6      | Reached skill level 10 in Crossbows
 10080 | D:7      | Reached skill level 8 in Stealth
 10401 | D:7      | Reached skill level 9 in Stealth
 10444 | D:7      | Found a staircase to the Ecumenical Temple.
 10461 | Temple   | Entered the Ecumenical Temple
 10471 | Temple   | Became a worshipper of Dithmenos the Shadowed
 10911 | D:7      | Reached XP level 10. HP: 53/53 MP: 10/10
 11587 | D:7      | Reached skill level 10 in Stealth
 12600 | D:8      | Noticed FallenXxXSky's ghost (novice HOMo)
 12944 | D:8      | Reached skill level 11 in Stealth
 13282 | D:8      | Reached * piety under Dithmenos
 13433 | D:9      | Reached skill level 10 in Dodging
 13723 | D:9      | Identified 2 scrolls of acquirement
 13726 | D:9      | Got a transparent rapier
 13727 | D:9      | Identified the +5 rapier "Goblinbane" {pierce, rPois rF+ Int-4 SInv} (You acquired it on level 9 of the Dungeon)
 13781 | D:9      | Noticed a two-headed ogre
 14882 | D:9      | Noticed Psyche
 14882 | D:9      | Noticed a two-headed ogre
 14923 | D:9      | Reached ** piety under Dithmenos
 15069 | D:9      | Found Ragyuqupom's Antique Armour Boutique.
 15077 | D:9      | Bought a pair of gloves for 130 gold pieces
 15222 | D:8      | Reached skill level 12 in Stealth
 15222 | D:8      | Reached XP level 11. HP: 60/60 MP: 11/11
 15755 | D:8      | Slain by a yak

Skill      XL: |  1  2  3  4  5  6  7  8  9 10 11 |
---------------+----------------------------------+-----
Crossbows      | 5 6 7 8 9 10 11 | 11.1
Stealth        | 2 3 4 5 6 9 12 | 12.2
Short Blades   | 1 2 3 4 5 6 |  6.0
Dodging        | 3 4 5 8 10 | 10.7
Fighting       | 3 4 |  4.0

Action                   |  1- 3 |  4- 6 |  7- 9 | 10-12 || total
-------------------------+-------+-------+-------+-------++-------
Melee: Short sword       |   113 |   325 |   125 |       ||   563
       Rapier            |       |       |   145 |   264 ||   409
 Fire: Hand crossbow     |     3 |    51 |   174 |    91 ||   319
  Use: Scroll            |       |     5 |     5 |     8 ||    18
       Potion            |       |       |     3 |     1 ||     4
 Stab: Sleeping          |     2 |     5 |     4 |     3 ||    14
  Eat: Chunk             |    11 |    11 |    18 |    14 ||    54
Armor: Leather armour    |    24 |    20 |       |       ||    44
       Scale mail        |       |    88 |    95 |    67 ||   250
       Skin              |       |       |     1 |       ||     1
Dodge: Dodged            |    85 |   260 |   251 |   270 ||   866
